 Dungeon Crawl Stone Soup version 0.32-a0-768-g0f6f1dd4b9 (webtiles) character file.

Game seed: 5573983418289552006

13346 ezpacito the Cleaver (level 12, -3/101 HPs)
             Began as a Coglin Chaos Knight on Mar 18, 2024.
             Was a Plaything of Xom.
             Slain by a sun demon (16 damage)
             ... in an ice cave.
             The game lasted 00:15:18 (8818 turns).

ezpacito the Cleaver (Coglin Chaos Knight)          Turns: 8818, Time: 00:15:19

Health: -3/101     AC: 19    Str: 19    XL:     12   Next: 5%
Magic:  16/16      EV: 11    Int: 11    God:    Xom [*.....]
Gold:   430        SH:  0    Dex: 11    Spells: 7/19 levels left

rFire   . . .        J - +2 war axe (flame) {Plamen}
rCold   + . .        a - +1 hand axe (chaos) {Raúl}
rNeg    + . .        H - +7 Kryia's mail coat {PotionHeal*2 rC+}
rPois   .            (no helmet)
rElec   +            o - scarf {shadows}
rCorr   .            I - +0 pair of gloves "Uzacuol" {rElec rN+}
SInv    .            O - +2 pair of boots
Will    .....        (amulet unavailable)
Stlth   +            (ring unavailable)
HPRegen 0.36/turn    (ring unavailable)
MPRegen 0.15/turn    (no gizmo)

%: no passive effects
@: about to teleport, revving
A: off-hand wielding, slow wielding, warmup strikes, no jewellery, clumsy 1, low
MP 1, robust 1, inability to drink after injury 1
a: Invent Gizmo, Renounce Religion


You were in an ice cave.
You worshipped Xom.
You were a special plaything of Xom.
You visited 2 branches of the dungeon, and saw 14 of its levels.
You also visited: Sewer and Ice Cave.

You collected 734 gold pieces.
You spent 304 gold pieces at shops.

Inventory:

Hand Weapons
 a - a +1 hand axe of chaos (offhand) {Raúl}
 m - a +1 mace of holy wrath {Lin}
 w - a +1 whip of venom
 C - a +2 short sword of distortion
 E - a +2 trident of flaming
 J - a +2 war axe of flaming (weapon) {Plamen}
 K - a +1 heavy war axe
Missiles
 g - 13 curare-tipped darts (quivered)
 l - 5 boomerangs
 p - a throwing net
 v - 8 javelins
 M - 33 poisoned darts
Armour
 i - +0 acid dragon scales
 j - a +0 plate armour
 o - a scarf of shadows (worn)
 x - a +0 chain mail
 H - the +7 Kryia's mail coat (worn) {PotionHeal*2 rC+}
   (You acquired it on level 6 of the Dungeon)

   PotionHeal*2: Potions heal its wearer twice as much.
   rC+:       It protects you from cold.
 I - the +0 pair of gloves "Uzacuol" (worn) {rElec rN+}
   (You acquired it on level 6 of the Dungeon)

   rElec:     It insulates you from electricity.
   rN+:       It protects you from negative energy.
 O - a +2 pair of boots (worn)
Magical Staves
 A - a staff of alchemy
 N - a staff of conjuration
Talismans
 u - a flux talisman
Wands
 h - a wand of flame (25)
 D - a wand of digging (5)
 G - a wand of charming (23)
Scrolls
 f - a scroll of immolation
 k - a scroll of silence {unknown}
 q - 2 scrolls of torment {unknown}
 r - a scroll of amnesia
 s - 2 scrolls of noise
 t - 8 scrolls of teleportation
Potions
 n - a potion of resistance
 z - 3 potions of enlightenment
 L - a potion of magic


   Skills:
 * Level 7.9 Fighting
 * Level 8.1(8.8) Axes
 + Level 4.7(6.7) Polearms
 * Level 7.0 Armour
 * Level 6.7 Dodging
 + Level 4.7 Stealth
 + Level 4.0 Spellcasting
 + Level 4.0 Translocations
 + Level 5.0 Alchemy
 + Level 6.3 Evocations


You had 7 spell levels left.
You knew the following spells:

 Your Spells              Type           Power      Damage    Failure   Level
a - Magic Dart            Conj           8%         1d3       54%         1
b - Lesser Beckoning      Tloc           22%        N/A       19%         2
c - Fulminant Prism       Conj/Alch      3%         3d5       92%         4
d - Searing Ray           Conj           4%         2d4       67%         2
e - Gell's Gravitas       Tloc           11%        N/A       36%         3

Your spell library contained the following spells:

 Spells                   Type           Power      Damage    Failure   Level
 Teleport Other           Tloc           11%        N/A       36%         3
 Cigotuvi's Dreadful Rot  Necr/Alch/Air  10%        N/A       43%         2
 Call Imp                 Summ           4%         N/A       67%         2
 Sublimation of Blood     Necr           2%         N/A       67%         2
 Dispel Undead            Necr           2%         3d7       99%         4
 Martyr's Knell           Necr/Summ      2%         N/A       99%         4
 Summon Hydra             Summ           1%         N/A       100%        7


Dungeon Overview and Level Annotations

Branches:
Dungeon (13/15)            Temple (1/1) D:5            Lair (0/5) D:9
  Sewer (visited)           IceCv (1/1)
    Orc: D:9-12      Vaults: D:13-14

Altars:
Ashenzari
Cheibriados
Dithmenos
Elyvilon
Fedhas
Gozag
Hepliaklqana
Kikubaaqudgha
Makhleb
Nemelex Xobeh
Okawaru
Qazlal
Ru
Sif Muna
Trog
Uskayaw
Vehumet
Wu Jian
Xom
Yredelemnul
Zin
The Shining One
Jiyva

Shops:
D:1 :   D:13 *


Innate Abilities, Weirdness & Mutations

You can wield a second weapon in your off-hand.
It takes a long time for you to wield or remove held weapons.
Your first few attacks do less damage.
You cannot equip rings or amulets.
You are clumsy. (Dex -2)
Your magical capacity is low. (-10% MP)
You are robust. (+10% HP)
You occasionally lose the ability to drink potions when taking damage.


Message History

The sun demon hits you.
You are engulfed in flames!
You take 15 damage, and have 86/101 hp.
You closely miss the sun demon with your +2 war axe of flaming.
You hit the ice devil with your +2 war axe of flaming.
You burn the ice devil. You hit the sun demon but do no damage.
The sun demon flies into a frenzy!
You barely miss the ice devil with your +1 hand axe of chaos.
The sun demon hits you but does no damage.
The ice devil hits you but does no damage.
You closely miss the ice devil with your +2 war axe of flaming.
The ice devil is moderately wounded.
You hit the sun demon with your +2 war axe of flaming.
You completely miss the ice devil with your +1 hand axe of chaos.
You closely miss the sun demon with your +1 hand axe of chaos.
The sun demon hits the ice devil!!
The ice devil is engulfed in flames!
The ice devil is burned terribly!
The ice devil dies!
The sun demon hits you!
You are engulfed in flames!
You take 27 damage, and have 59/101 hp.
MASSIVE DAMAGE!!
Aiming: Warp Space
Press: ? - help, Shift-Dir - straight line Space twists violently!
The rupture engulfs the sun demon!
The sun demon blinks!
The sun demon is moderately wounded.
The now-empty wand crumbles to dust.
You hear a horrible gurgling sound! x2; The sun demon shouts!
Aiming: Charm
Press: ? - help, Shift-Dir - straight line, f - sun demon
Aim: a sun demon (moderately wounded, fast, strong, frenzied and wild, chance to affect: 16%)
Okay, then.
Okay, then.
As you read the scroll of fog, it dissolves into smoke.
As you read the scroll of teleportation, it crumbles to dust.
You feel strangely unstable. The sun demon hits you!!
You are engulfed in flames!
* * * LOW HITPOINT WARNING * * *
The sun demon hits you!
* * * LOW HITPOINT WARNING * * *
You are engulfed in flames!
You die...

# ##. #..
#○.######
#☼§○#§§§##
#§°§@§§#
##°§#3§#
##.§§##§.#
##..§## #§#
##...## ..#
#...## ..#
##..## .#
#..######
##.###...##


You could see a neutral sun demon (fast, strong, frenzied).

Vanquished Creatures
  An entropy weaver (D:9)
  A boulder beetle (D:9)
  2 cyclopes
  A gargoyle (D:13)
  An anaconda simulacrum (IceCv)
  The ghost of BeKind the Chiller, a novice OpIE of Gozag (D:5)
  2 ice devils (IceCv)
  3 trolls
  A hornet (D:7)
  A queen bee (D:9)
  4 slime creatures
  Sigmund (D:6)
  A shadow (D:10)
  A steam dragon (D:9)
  2 vampire mosquitoes (D:11)
  4 death yak simulacra (IceCv)
  An acid dragon (D:11)
  2 black bears
  A water moccasin (D:4)
  4 orc warriors
  6 ice beasts
  Pargi (Sewer)
  A sky beast (D:6)
  2 wolves (D:9)
  An ogre (D:5)
  5 centaurs
  4 kobold brigands
  Blork the orc (D:6)
  4 bullfrogs
  A scorpion (D:7)
  A gnoll sergeant (D:5)
  2 cane toad simulacra (IceCv)
  A water moccasin zombie (D:5)
  A scorpion (shapeshifter) (Sewer)
  9 wights
  2 elephant simulacra (IceCv)
  43 killer bees
  3 howler monkeys
  3 lava snakes (D:10)
  A crimson imp (D:5)
  4 hounds
  3 jellies (D:10)
  4 orc priests
  A bombardier beetle (D:5)
  A sleepcap (D:4)
  7 orc wizards
  An iguana (D:5)
  A troll simulacrum (IceCv)
  A wolf simulacrum (IceCv)
  4 adders
  A naga simulacrum (IceCv)
  A shadow imp (D:5)
  12 white imps (D:12)
  5 ufetubi
  3 dart slugs
  A ribbon worm (D:2)
  23 orcs
  6 ball pythons
  7 bats
  5 endoplasms
  5 giant cockroaches
  12 goblins
  6 hobgoblins
  6 jackals
  2 quokkas (D:5)
  5 frilled lizards
  17 kobolds
  5 rats
276 creatures vanquished.

Vanquished Creatures (collateral kills)
  An ice devil (IceCv)
  Eustachio (D:5)
  Duvessa (D:5)
  2 scorpions (D:5)
  A water moccasin zombie (D:5)
  Dowan (D:5)
  A centaur zombie (D:5)
  An orc (D:3)
  A quokka (D:5)
10 creatures vanquished.

Vanquished Creatures (others)
  A rime drake (D:9)
1 creature vanquished.

Grand Total: 287 creatures vanquished

Notes
Turn   | Place    | Note
-------+----------+-------------------------------------------
     0 | D:1      | ezpacito the Coglin Chaos Knight began the quest for the
                  | Orb.
     0 | D:1      | Reached XP level 1. HP: 18/18 MP: 1/1
    49 | D:1      | XOM: butterfly on damage
    52 | D:1      | Reached skill level 1 in Dodging
   141 | D:1      | XOM: silly message
   145 | D:1      | Found Fyllum's Book Boutique.
   153 | D:1      | Reached XP level 2. HP: 24/24 MP: 2/2
   351 | D:1      | Reached XP level 3. HP: 29/29 MP: 3/3
  1011 | D:2      | Found a faded altar of an unknown god.
  1069 | D:2      | XOM: divination: detect items
  1150 | D:2      | XOM: give mutations
  1150 | D:2      | Gained mutation: You passively map a small area around you.
                  | [Xom's mischief]
  1150 | D:2      | Gained mutation: Your flesh is cold resistant. (rC+) [Xom's
                  | mischief]
  1150 | D:2      | Gained mutation: Your magical capacity is low. (-10% MP)
                  | [Xom's mischief]
  1342 | D:3      | XOM: noise
  1346 | D:3      | Reached XP level 4. HP: 33/35 MP: 4/4
  1387 | D:3      | Found an iron altar of Okawaru.
  1486 | D:3      | Noticed a black bear
  1493 | D:3      | Killed a black bear
  1494 | D:3      | Reached skill level 1 in Polearms
  1494 | D:3      | Reached skill level 1 in Stealth
  1494 | D:3      | Reached XP level 5. HP: 25/41 MP: 5/5
  1722 | D:3      | Found a glowing golden altar of the Shining One.
  1835 | D:3      | Reached skill level 1 in Spellcasting
  1839 | D:3      | Reached XP level 6. HP: 39/48 MP: 6/6
  1918 | D:3      | XOM: silly message
  1963 | D:4      | XOM: noise
  2086 | D:4      | Reached skill level 4 in Axes
  2228 | D:4      | Found a snail-covered altar of Cheibriados.
  2520 | D:4      | Noticed a water moccasin
  2679 | D:4      | XOM: scenery: create altars
  2914 | D:4      | Killed a water moccasin
  2915 | D:4      | Reached skill level 1 in Evocations
  2915 | D:4      | Reached XP level 7. HP: 41/54 MP: 8/8
  3105 | D:5      | Entered Level 5 of the Dungeon
  3119 | D:5      | Noticed Duvessa
  3119 | D:5      | Noticed Dowan
  3124 | D:5      | XOM: summons 2 friendly demons
  3128 | D:5      | Killed Duvessa
  3129 | D:5      | Reached skill level 1 in Alchemy
  3130 | D:5      | Killed Dowan
  3256 | D:5      | Noticed Eustachio
  3261 | D:5      | Killed Eustachio
  3262 | D:5      | Reached XP level 8. HP: 61/61 MP: 9/9
  3362 | D:5      | Found a transporter.
  3410 | D:5      | Found a transporter.
  3582 | D:5      | Found a sacrificial altar of Ru.
  3631 | D:5      | XOM: 1-stop teleportation journey
  3762 | D:5      | Noticed BeKind's ghost (novice OpIE)
  3786 | D:5      | Found a staircase to the Ecumenical Temple.
  3796 | Temple   | Entered the Ecumenical Temple
  3847 | D:5      | Found a bloodstained altar of Trog.
  3957 | D:5      | XOM: god gift: scroll labelled ISHEORREYPO {god gift}
  3978 | D:5      | Found a burning altar of Makhleb.
  3978 | D:5      | XOM: scenery: 1 doors close
  4086 | D:5      | XOM: summons 2 friendly demons
  4244 | D:5      | XOM: summons 2 friendly demons
  4247 | D:5      | Lost mutation: Your magical capacity is low. (-10% MP)
                  | [potion of mutation]
  4247 | D:5      | Lost mutation: You passively map a small area around you.
                  | [potion of mutation]
  4247 | D:5      | Lost mutation: Your flesh is cold resistant. (rC+) [potion
                  | of mutation]
  4247 | D:5      | Gained mutation: You are occasionally teleported next to
                  | monsters. [potion of mutation]
  4247 | D:5      | Gained mutation: You possess an exceptional clarity of
                  | mind. [potion of mutation]
  4247 | D:5      | Gained mutation: Your natural rate of healing is unusually
                  | fast. [potion of mutation]
  4249 | D:5      | Reached skill level 5 in Axes
  4250 | D:5      | Reached skill level 5 in Fighting
  4251 | D:5      | Killed BeKind's ghost
  4290 | D:6      | Learned a level 1 spell: Magic Dart
  4293 | D:6      | Learned a level 2 spell: Lesser Beckoning
  4314 | D:6      | Learned a level 4 spell: Fulminant Prism
  4317 | D:6      | Learned a level 2 spell: Searing Ray
  4330 | D:6      | Found a hazy altar of Hepliaklqana.
  4407 | D:6      | Found a glowing drain.
  4418 | Sewer    | Entered a sewer
  4428 | Sewer    | Reached XP level 9. HP: 48/68 MP: 12/12
  4449 | Sewer    | Noticed Pargi
  4452 | Sewer    | Killed Pargi
  4537 | Sewer    | XOM: polymorph brain worm -> shapeshifter
  4585 | D:6      | Identified 2 scrolls of acquirement
  4585 | D:6      | Acquired the +0 pair of gloves "Uzacuol" {rElec rN+}
  4593 | D:6      | Acquired the +7 Kryia's mail coat {PotionHeal*2 rC+}
  4593 | D:6      | Found the +7 Kryia's mail coat {PotionHeal*2 rC+}
  4653 | D:6      | Found an opulent altar of Gozag.
  4709 | D:6      | Noticed Sigmund
  4711 | D:6      | Noticed Blork the orc
  4715 | D:6      | Killed Sigmund
  4721 | D:6      | Killed Blork the orc
  4925 | D:6      | Reached skill level 1 in Translocations
  4929 | D:6      | Learned a level 3 spell: Gell's Gravitas
  5312 | D:7      | Found a shadowy altar of Dithmenos.
  5455 | D:7      | XOM: potion effect (invisibility)
  5747 | D:7      | Noticed a hornet
  5752 | D:7      | Killed a hornet
  5753 | D:7      | Reached skill level 6 in Axes
  5753 | D:7      | Reached skill level 5 in Armour
  5798 | D:7      | Found a blossoming altar of Fedhas.
  6102 | D:8      | XOM: 3-stop teleportation journey
  6196 | D:8      | XOM: give mutation
  6196 | D:8      | Lost mutation: You are occasionally teleported next to
                  | monsters. [Xom's mischief]
  6256 | D:8      | Found an ornate altar of the Wu Jian Council.
  6267 | D:8      | Reached XP level 10. HP: 74/76 MP: 14/14
  6268 | D:8      | Reached skill level 5 in Dodging
  6482 | D:9      | XOM: stealth player
  6534 | D:9      | a killer bee changed into an entropy weaver
  6534 | D:9      | Noticed an entropy weaver
  6534 | D:9      | XOM: polymorph killer bee -> entropy weaver
  6557 | D:9      | Killed an entropy weaver
  6636 | D:9      | Found a staircase to the Lair.
  6636 | D:9      | Noticed a boulder beetle
  6640 | D:9      | Reached skill level 7 in Axes
  6641 | D:9      | XOM: swap monsters
  6687 | D:9      | Reached skill level 5 in Evocations
  6693 | D:9      | Reached XP level 11. HP: 67/84 MP: 14/16
  6712 | D:9      | Killed a boulder beetle
  7236 | D:10     | Entered Level 10 of the Dungeon
  7433 | D:10     | XOM: stat loss: -1 Str (17/18)
  7434 | D:10     | XOM: give mutations
  7434 | D:10     | Gained mutation: You are clumsy. (Dex -2) [Xom's mischief]
  7434 | D:10     | Gained mutation: You expend magic power (3 MP) to
                  | strengthen your wands. [Xom's mischief]
  7434 | D:10     | Gained mutation: You are occasionally teleported next to
                  | monsters. [Xom's mischief]
  7535 | D:10     | XOM: enchant monster (bad)
  7539 | D:10     | XOM: enchant monster (bad)
  7665 | D:10     | Found a shimmering altar of Xom.
  7906 | D:10     | Found a sparkling altar of Nemelex Xobeh.
  7906 | D:10     | Found a stormy altar of Qazlal.
  7906 | D:10     | Found a broken altar of Ashenzari.
  8058 | D:10     | Found a viscous altar of Jiyva.
  8298 | D:11     | You fall into a shaft and drop 2 floors!
  8309 | D:13     | XOM: noise
  8343 | D:13     | Found Wyis's Assorted Antiques.
  8351 | D:13     | Bought a scroll of identify for 58 gold pieces
  8351 | D:13     | Bought a scroll labelled GIUSHEYGOB for 29 gold pieces
  8351 | D:13     | Bought a scroll of teleportation for 87 gold pieces
  8351 | D:13     | Bought a pair of boots for 130 gold pieces
  8410 | D:12     | XOM: give mutations
  8410 | D:12     | Gained mutation: You occasionally lose the ability to drink
                  | potions when taking damage. [Xom's mischief]
  8410 | D:12     | Gained mutation: Your magical capacity is low. (-10% MP)
                  | [Xom's mischief]
  8410 | D:12     | Lost mutation: You expend magic power (3 MP) to strengthen
                  | your wands. [Xom's mischief]
  8411 | D:12     | Lost mutation: Your natural rate of healing is unusually
                  | fast. [potion of mutation]
  8411 | D:12     | Lost mutation: You are occasionally teleported next to
                  | monsters. [potion of mutation]
  8411 | D:12     | Lost mutation: You possess an exceptional clarity of mind.
                  | [potion of mutation]
  8411 | D:12     | Gained mutation: You are robust. (+10% HP) [potion of
                  | mutation]
  8431 | D:11     | Noticed a cyclops
  8452 | D:11     | Killed a cyclops
  8465 | D:11     | XOM: smoke on damage
  8493 | D:12     | Noticed a cyclops
  8499 | D:12     | XOM: swap monsters
  8502 | D:12     | XOM: silly message
  8511 | D:12     | XOM: noise
  8513 | D:12     | Killed a cyclops
  8637 | D:12     | Found a frozen archway.
  8665 | IceCv    | Entered an ice cave
  8697 | IceCv    | Reached skill level 5 in Alchemy
  8701 | IceCv    | Reached skill level 8 in Axes
  8770 | IceCv    | Reached XP level 12. HP: 68/101 MP: 16/16
  8813 | IceCv    | an ice devil changed into a sun demon
  8813 | IceCv    | Noticed a sun demon
  8813 | IceCv    | XOM: polymorph ice devil -> sun demon
  8818 | IceCv    | Slain by a sun demon

Illustrated notes

Levels and vault maps discovered:
D:1:      dpeg_arrival_rooms_with_view, layout_loops_ring, serial_shops, shop
D:2:      layout_rooms, serial_curves, eino_curves_04, eino_curves_03,
          eino_curves_03, eino_curves_04, shapermc_ecumenical_altar_venn
D:3:      layout_basic, general_overflow_altar, lemuel_crystal_altar
D:4:      layout_rooms, lemuel_crystal_altar, serial_co_window_serial,
          co_window_paths_a, co_window_paths_a, co_window_corner_a,
          co_window_corner_a, co_window_paths_b, co_window_paths_a,
          co_window_paths_a, co_window_paths_b, co_window_paths_a,
          co_window_corner_b, co_window_broadway_a, co_window_corner_b,
          co_window_of_opportunity_b, co_window_broadway_c,
          co_window_broadway_b, glass_columns_b
D:5:      layout_basic, trog_butcher_becter, makhleb_grotto_becter,
          nicolae_ru_awakened_eye, lemuel_temple_firewalk_b,
          gammafunk_ghost_mausoleum, minmay_starry_boxes, uniq_duvessa,
          uniq_eustachio
D:6:      layout_gridville, nicolae_gozag_seed_capital,
          mainiacjoe_overflow_alcove_1, portal_sewer_entry_d, uniq_sigmund,
          uniq_blork_the_orc
D:7:      layout_basic, old_standard_altar, grunt_dithmenos_smoke_and_mirrors
D:8:      layout_cave_pools, nzn_wu_jian_council_hall,
          amcnicky_mini_rare_corridor_liquid, dk_rats_in_the_wall
D:9:      layout_roguey [special_room_bee], hellmonk_lair_entry_icy,
          nrook_mini_vaults
D:10:     erik_rubicon_a, layout_gridville, nicolae_overflow_crystal_walls,
          gammafunk_temple_overflow_claw, jiyva_altar_1
D:11:     layout_cave_pools, kennysheep_orc_monster_closet_entryway
D:12:     layout_basic, portal_ice_cave_entry_imps, nicolae_figureground_pulse,
          uniq_urug
D:13:     layout_grid_maze, grunt_vaults_entry_fortified, serial_shops,
          nicolae_shop_tiny_waterfront, serial_park_tiny_pond,
          serial_library_hellmonk_long_bookcase
Temple:   nicolae_temple_ecumenical_triangle
IceCv:    ice_cave_small_necro

Skill      XL: |  1  2  3  4  5  6  7  8  9 10 11 12 |
---------------+-------------------------------------+-----
Dodging        | 1 2 3 4 5 6 |  6.7
Armour         | 2 3 4 5 6 7 |  7.0
Polearms       | 1 2 3 4 |  4.7
Stealth        | 1 2 3 4 |  4.7
Spellcasting   | 1 2 3 4 |  4.0
Axes           | 4 5 6 7 8 |  8.1
Fighting       | 4 5 6 7 |  7.9
Evocations     | 1 2 3 5 6 |  6.3
Alchemy        | 1 2 3 4 5 |  5.0
Translocations | 2 3 4 |  4.0

Action                     |  1- 3 |  4- 6 |  7- 9 | 10-12 || total
---------------------------+-------+-------+-------+-------++-------
  Melee: Hand axe          |    66 |    66 |   124 |   253 ||   509
         Dagger            |    37 |       |       |       ||    37
         Mace              |    29 |    44 |       |       ||    73
         War axe           |       |    22 |   123 |   269 ||   414
  Evoke: Wand              |       |       |       |    19 ||    19
    Use: Scroll            |       |     3 |     7 |    25 ||    35
         Potion            |       |       |    10 |    19 ||    29
   Stab: Sleeping          |     2 |       |       |     1 ||     3
         Invisible         |       |       |    11 |    10 ||    21
         Petrifying        |       |       |     1 |     4 ||     5
         Confused          |       |       |       |    10 ||    10
         Petrified         |       |       |       |     4 ||     4
         Paralysed         |       |       |       |     1 ||     1
 Armour: Leather armour    |    45 |    34 |       |       ||    79
         Chain mail        |       |    25 |    57 |       ||    82
         Scale mail        |       |       |    86 |   358 ||   444
  Dodge: Dodged            |    53 |    32 |   111 |   230 ||   426

Table legend: (Time is in decaauts)
 A = Elapsed time spent in this place.
 B = Non-inter-level travel time spent in this place.
 C = Inter-level travel time spent in this place.
 D = Time resting spent in this place.
 E = Time spent auto-exploring this place.
 F = Levels seen in this place.
 G = Mean time per level.
                   A        B        C        D        E       F      G
               +--------+--------+--------+--------+--------+-----+--------+
         Total |   8861 |   8411 |    450 |    132 |   6368 |  16 |  553.8 |
       Dungeon |   8533 |   8083 |    450 |    120 |   6187 |  13 |  656.4 |
        Temple |      1 |      1 |      0 |      0 |      0 |   1 |    1.0 |
         Sewer |    173 |    173 |      0 |      0 |     94 |   1 |  173.0 |
      Ice Cave |    151 |    151 |      0 |     12 |     86 |   1 |  151.0 |
               +--------+--------+--------+--------+--------+-----+--------+

Top non-repeatable levels by time:
     D:5: 1173 daAuts
     D:4: 1163 daAuts
    D:10: 1060 daAuts
     D:6: 871 daAuts
     D:1: 794 daAuts
     D:9: 756 daAuts
     D:7: 748 daAuts
     D:3: 647 daAuts
     D:2: 526 daAuts
     D:8: 425 daAuts
    D:12: 224 daAuts
   Sewer: 173 daAuts
   IceCv: 151 daAuts
    D:11: 77 daAuts
    D:13: 64 daAuts
